AoeStats
← Breakfast

Arabia

510599152Analyzed
2v2 RM · 1d ago on Oct 1, 2026· 41m 4s· 4 players
Game mode
Random Map
Map size
Medium (4 player)
Population
200
Speed
Normal
Resources
Standard
Victory
Conquest
Starting age
Dark Age
Ending age
Imperial Age
RankedLock teamsTeams togetherTeam positionsShared explorationLock speedFull tech treeHidden civsTurbo modeCheats
Victory
Defeat
🇨🇿 Malay · Czechia
1664
+12
🇨🇿 Sicilians · Czechia
1627
+13
🇬🇧 Koreans · United Kingdom
1597
-14
🇬🇧 Maya · United Kingdom
1539
-11
Nephthys123
0:28 Loom
9:19 Feudal Age
10:48 Double-Bit Axe
12:22 Fletching
22:59 Castle Age
22:13 Padded Archer Armor
23:38 Bodkin Arrow
23:04 Crossbowman
26:37 Gold Mining
28:10 Horse Collar
31:07 Ballistics
32:27 Wheelbarrow
35:21 Thumb Ring
38:27 Imperial Age
36:04 Squires
36:48 Eagle Warrior
37:29 Scale Mail Armor
39:07 Chain Mail Armor
39:03 Forging
39:18 Elite Eagle Warrior
41:22 Plate Mail Armor
Breakfast
6:24 Loom
8:54 Feudal Age
10:27 Double-Bit Axe
13:28 Fletching
24:01 Castle Age
24:46 Bodkin Arrow
24:13 Crossbowman
28:38 Bow Saw
28:24 Horse Collar
31:24 Wheelbarrow
32:47 Wheelbarrow
32:27 Heavy Plow
32:19 Gold Mining
39:38 Ballistics
Lopiger
7:37 Loom
9:49 Feudal Age
10:30 Double-Bit Axe
10:51 Horse Collar
20:47 Castle Age
19:45 Bloodlines
20:37 Scale Barding Armor
21:42 Bow Saw
22:03 Chain Barding Armor
25:46 Heavy Plow
27:55 Wheelbarrow
28:18 Town Watch
30:24 Forging
32:27 Husbandry
37:13 Imperial Age
34:59 Hand Cart
34:53 Gold Mining
38:32 Plate Barding Armor
37:19 Cavalier
Feroker
7:39 Loom
10:02 Feudal Age
10:11 Double-Bit Axe
13:37 Fletching
16:01 Padded Archer Armor
21:00 Castle Age
19:13 Horse Collar
19:25 Gold Mining
20:44 Bodkin Arrow
21:04 Elite Skirmisher
23:56 Ballistics
23:56 Leather Archer Armor
28:39 Bow Saw
33:01 Wheelbarrow
33:20 Town Watch
39:28 Imperial Age
37:25 Forging
37:28 Heavy Plow
37:45 Hand Cart
39:20 Conscription
39:02 Bracer
40:00 Ring Archer Armor
40:15 Elite Karambit Warrior
41:31 Iron Casting
Connection lost

Rejoining the realm…

Still unreachable

The connection could not be restored.

Session expired

The server has moved on; the page needs a fresh start.